 Dungeon Crawl Stone Soup version 0.21.1-1-g345015f (webtiles) character file.

518 glosham the Fighter (level 7, -2/49 HPs)
             Began as a Kobold Artificer on May 12, 2018.
             Killed themself with a badly aimed iceblast (12 damage)
             ... on level 5 of the Dungeon.
             The game lasted 00:20:55 (1362 turns).

glosham the Fighter (Kobold Artificer)              Turns: 1362, Time: 00:20:55

Health: -2/49      AC:  6    Str: 11    XL:     7   Next: 45%
Magic:  9/9        EV: 17    Int: 12    God:
Gold:   182        SH:  0    Dex: 16    Spells: 6/6 levels left

rFire    . . .     SeeInvis .   s - +0 short sword (curse)
rCold    . . .     Gourm    .   (shield restricted)
rNeg     . . .     Faith    .   X - +1 ring mail
rPois    .         Spirit   .   (no helmet)
rElec    .         Reflect  .   (no cloak)
rCorr    .         Harm     .   (no gloves)
MR       .....                  (no boots)
Stlth    +.........             (no amulet)
HPRegen  0.16/turn              n - +4 ring of evasion
MPRegen  0.11/turn              (no ring)

@: no status effects
A: small, carnivore
a: no special abilities


You were on level 5 of the Dungeon.
You were completely stuffed.

You visited 1 branch of the dungeon, and saw 5 of its levels.

You collected 182 gold pieces.

Inventory:

Hand Weapons
 a - a +1 long sword
 b - a +0 short sword
 c - a +0 hunting sling
 k - a +0 trident
 m - a +0 flail
 s - a cursed +0 short sword (weapon)
 t - a +0 flail
Missiles
 g - 103 stones (quivered)
 l - 11 sling bullets
Armour
 j - a +0 leather armour
 p - a +0 robe
 q - a +0 robe
 X - a +1 ring mail (worn)
Jewellery
 n - a +4 ring of evasion (left hand)
Wands
 d - a wand of enslavement (11)
 e - a wand of random effects (39)
 o - a wand of flame (6)
Potions
 h - 2 potions of magic
 i - a potion of flight {unknown}
Comestibles
 f - 4 rations
 r - a chunk of flesh


   Skills:
 * Level 8.1 Fighting
 - Level 1.3 Short Blades
 - Level 2.4 Dodging
 - Level 1.3 Stealth
 - Level 3.6 Evocations


You had 6 spell levels left.
You didn't know any spells.

Dungeon Overview and Level Annotations

Branches:
Dungeon (5/15)
 Temple: D:4-7

Altars:
Cheibriados
Dithmenos
Nemelex Xobeh
Qazlal


Innate Abilities, Weirdness & Mutations

You are small and have problems with some larger weapons.
You are carnivorous and can eat meat at any time.


Message History

You now have 182 gold pieces (gained 5).
Found 11 stones.
You see here 11 stones.
g - 103 stones (gained 11)
An adder comes into view.
You swap places.
What are your orders? t - Shout!
Orders for allies: a - Attack new target. p - Attack previous target. r - Retreat! s - Stop attacking. g - Guard the area. f - Follow me.
Anything else - Cancel.
Gang up on whom?
Press: ? - help, Dir - move target cursor, f - adder, p - iguana
Aim: an adder (resting) Attack!
The adder hisses angrily.
The adder moves out of view.
Something bites your iguana but does no damage.
Your iguana closely misses something.
Something bites your iguana but does no damage.
The adder bites your iguana but does no damage.
Your iguana bites the adder.
The adder bites your iguana but does no damage.
Your iguana misses the adder.
The adder bites your iguana but does no damage.
Your iguana bites the adder.
The adder closely misses your iguana.
Your iguana misses the adder. The adder bites your iguana.
The adder bites your iguana.
Your iguana bites the adder!
The adder dies!
The iguana is no longer charmed.
The iguana bites you but does no damage.
Evoke which item? (* to show all) (? for menu, Esc to quit)
Aiming: Random Effects
Press: ? - help, Shift-Dir - straight line, f - iguana
Aim: an iguana (moderately wounded)
The mass of ice explodes!
The iceblast engulfs the iguana.
The iguana is severely wounded.
The iceblast engulfs you!
You die...

#.########.
#.# .. #.#
. #.# . #.#
.# #.# ##.#
#.# .†. #
#.##l#..##.
#..@.......
####.#.....
.# ##. .#
.# .# .. .#


You could see an iguana.

Vanquished Creatures
  Menkaure (D:4)
  An ice beast (D:2)
  A crimson imp (D:5)
  An orc priest (D:3)
  A hound (D:4)
  A bullfrog skeleton (D:4)
  An orc wizard (D:5)
  2 worker ants (D:4)
  3 adders
  An ooze (D:3)
  An adder zombie (D:5)
  An adder skeleton (D:4)
  2 leopard geckos (D:5)
  8 orcs
  A ball python (D:1)
  2 bats
  3 giant cockroaches
  4 hobgoblins
  4 jackals (D:4)
  2 kobolds
  A leopard gecko skeleton (D:5)
  2 rats
44 creatures vanquished.

Vanquished Creatures (collateral kills)
  An orc wizard (D:3)
  An adder (D:5)
  2 orcs
  A bat (D:3)
5 creatures vanquished.

Grand Total: 49 creatures vanquished

Notes
Turn   | Place    | Note
-------+----------+-------------------------------------------
     0 | D:1      | glosham the Kobold Artificer began the quest for the Orb.
     0 | D:1      | Reached XP level 1. HP: 12/12 MP: 3/3
   145 | D:2      | Reached skill level 2 in Fighting
   227 | D:3      | Reached XP level 2. HP: 17/17 MP: 4/4
   264 | D:2      | Noticed an ice beast
   270 | D:2      | Killed an ice beast
   270 | D:2      | Reached skill level 4 in Fighting
   270 | D:2      | Reached XP level 3. HP: 25/25 MP: 5/5
   270 | D:2      | Reached XP level 4. HP: 30/30 MP: 6/6
   270 | D:2      | Reached XP level 5. HP: 34/34 MP: 7/7
   421 | D:4      | Found a snail-covered altar of Cheibriados.
   460 | D:4      | Reached skill level 5 in Fighting
   604 | D:4      | Found a sparkling altar of Nemelex Xobeh.
   700 | D:3      | Reached skill level 6 in Fighting
   700 | D:3      | Reached XP level 6. HP: 29/41 MP: 8/8
   808 | D:4      | Noticed Menkaure
   811 | D:4      | Killed Menkaure
   811 | D:4      | Reached skill level 7 in Fighting
   811 | D:4      | Reached XP level 7. HP: 34/48 MP: 9/9
  1082 | D:5      | Entered Level 5 of the Dungeon
  1133 | D:5      | Found a stormy altar of Qazlal.
  1188 | D:5      | Found a shadowy altar of Dithmenos.
  1255 | D:5      | Reached skill level 8 in Fighting
  1362 | D:5      | Killed themself with a badly aimed iceblast

Skill      XL: |  1  2  3  4  5  6  7 |
---------------+----------------------+-----
Fighting       | 2 4 6 7 8 |  8.1
Short Blades   | |  1.3
Dodging        | |  2.4
Stealth        | |  1.3
Evocations     | |  3.6

Action                   |  1- 3 |  4- 6 |  7- 9 || total
-------------------------+-------+-------+-------++-------
Melee: Short sword       |    23 |       |    45 ||    68
       Long sword        |       |    60 |    56 ||   116
Evoke: Wand              |     5 |     7 |     6 ||    18
  Use: Scroll            |       |     5 |     2 ||     7
 Stab: Sleeping          |     2 |       |       ||     2
       Paralysed         |       |     5 |       ||     5
       Distracted        |       |     1 |       ||     1
  Eat: Chunk             |     6 |     2 |     2 ||    10
Armor: Ring mail         |     3 |    17 |    22 ||    42
       Leather armour    |     1 |       |       ||     1
Dodge: Dodged            |    13 |    54 |    73 ||   140
       Rpst.: Long sword |       |    20 |    12 ||    32

Table legend:
 A = Turns spent in this place as a percentage of turns spent in the entire game.
 B = Non-inter-level travel turns spent in this place as a percentage of non-inter-level travel turns spent in the entire game.
 C = Inter-level travel turns spent in this place as a percentage of turns spent in this place.
 D = Turns resting spent in this place as a percentage of non-inter-level travel turns spent in this place.
 E = Turns spent auto-exploring this place as a percentage of non-inter-level travel turns spent in this place.
 F = Non-inter-level travel turns spent in this place divided by the number of levels of this place that you've seen.
                   A       B       C       D       E      F
               +-------+-------+-------+-------+-------+----------------------
         Total | 100.0 | 100.0 |   1.9 |   0.0 |   0.0 | 267.2
       Dungeon | 100.0 | 100.0 |   1.9 |   0.0 |   0.0 | 267.2
               +-------+-------+-------+-------+-------+----------------------

Table legend:
 A = Kills in this place as a percentage of kills in entire the game.
 B = Kills by you in this place as a percentage of kills by you in the entire game.
 C = Kills by friends in this place as a percentage of kills by friends in the entire game.
 D = Other kills in this place as a percentage of other kills in the entire game.
 E = Experience gained in this place as a percentage of experience gained in the entire game.
 F = Experience gained in this place divided by the number of levels of this place that you have seen.
                   A       B       C       D       E      F
               +-------+-------+-------+-------+-------+----------------------
         Total | 100.0 | 100.0 | 100.0 |   N/A | 100.0 | 148.0
       Dungeon | 100.0 | 100.0 | 100.0 |   N/A | 100.0 | 148.0
               +-------+-------+-------+-------+-------+----------------------

Vault maps used:
D:1:      saegor_arrival_simple_d
D:2:      bloody_trog
D:4:      lemuel_coloured_pillars_altar, cheibriados_altar_1, first_ration,
          uniq_menkaure
D:5:      nicolae_dithmenos_shadow_blocks, lemuel_doored_altar,
          hangedman_abyss_or_decor_lesser_grid, minmay_hollow_rounded_squares
